[Event "Late-Titled-Tuesday-Blitz-September-19-2023"]
[Site "Chess.com"]
[Date "2023.09.19"]
[Round "5"]
[White "ural58"]
[Black "Mimsychess"]
[Result "1-0"]
[WhiteElo "2551"]
[BlackElo "2363"]
[TimeControl "180+1"]
[EndTime "14:53:40 PDT"]
[Termination "ural58 won on time"]

1. e4 e5 2. Nf3 Nc6 3. Bc4 Bc5 4. b4 Bxb4 5. c3 Ba5 6. d4 d6 7. Qb3 Qd7 8. O-O Bb6 9. Nbd2 Nf6 10. Bb5 a6 11. Ba4 O-O 12. d5 Na5 13. Qc2 Qe7 14.
Rb1 Ba7 15. c4 b5 16. cxb5 axb5 17. Bxb5 Rb8 18. Ba3 Nd7 19. Qc3 Nb7 20. Qxc7 Bb6 21. Qc1 Bc5 22. Bb2 Nd8 23. a4 f5 24. exf5 e4 25.
Re1 e3 26. fxe3 Ne5 27. Nxe5 dxe5 28. Kh1 Bxf5 29. e4 Bg4 30. Nc4 Rf6 31. Bxe5 Rh6 32.
Bxb8 1-0

[Event "Late-Titled-Tuesday-Blitz-September-19-2023"]
[Site "Chess.com"]
[Date "2023.09.19"]
[Round "5"]
[White "jaskol95"]
[Black "Schwindle"]
[Result "1-0"]
[WhiteElo "2551"]
[BlackElo "2420"]
[TimeControl "180+1"]
[EndTime "14:53:42 PDT"]
[Termination "jaskol95 won by resignation"]

1. d4 Nf6 2. c4 e6 3. g3 Bb4+ 4. Nd2 O-O 5. Bg2 d5 6. Nf3 dxc4 7. O-O c5 8. Nxc4 Nc6 9. a3 Ba5 10. dxc5 Bc7 11. b4 Qe7 12. Bb2 Rd8 13. Qc2 a6 14. Nfe5 Nxe5 15. Bxe5 Nd5 16. Bxc7 Qxc7 17. e4 Ne7 18. Rfd1 Bd7 19. Nb6 Rab8 20. Nxd7 Rxd7 21.
Rxd7 Qxd7 22. Rd1 Qc7 23. Qd3 Nc6 24. Qd6 Qxd6 25. Rxd6 e5 26. f4 Kf8 27. Kf2 Ke7 28.
Bh3 Rd8 29. Rxd8 Kxd8 30. Ke3 Kc7 31. Kd3 f6 32. Kc4 Nd4 33. Kd5 Nf3 34. Bg2 Nxh2 35. fxe5 fxe5 36. Kxe5 Kd7 37. Kd4 Ke7 38. e5 Ng4 39. Bxb7 1-0

[Event "Late-Titled-Tuesday-Blitz-September-19-2023"]
[Site "Chess.com"]
[Date "2023.09.19"]
[Round "5"]
[White "GMJustin"]
[Black "rikchessmx"]
[Result "0-1"]
[WhiteElo "2242"]
[BlackElo "2335"]
[TimeControl "180+1"]
[EndTime "14:53:44 PDT"]
[Termination "rikchessmx won on time"]

1. d4 d5 2. c4 e6 3. Nc3 Nf6 4.
Bg5 c6 5. e3 Qa5 6. Bxf6 gxf6 7. Nf3 h5 8. a3 Nd7 9. cxd5 exd5 10. Bd3 Bd6 11. Nh4 Nf8 12. Nf5 Qc7 13. Rc1 Bxf5 14. Bxf5 Qe7 15. h4 Ne6 16. Kf1 Bc7 17. g3 O-O-O 18. b4 Kb8 19. Qb3 Ng7 20. Bd3 Qe6 21.
b5 Rd6 22. Kg2 Rhd8 23. Rb1 Bb6 24. bxc6 Rxc6 25. Na4 f5 26. Nc5 Qe7 27. Bb5 Rg6 28.
Bd3 Bxc5 29. dxc5 Rc6 30. Rhc1 d4 31. exd4 Qd7 32. Bb5 Qd5+ 33. Qf3 Qxf3+ 34. Kxf3 Rf6 35. Rd1 f4 36. d5 fxg3+ 37. Kxg3 Nf5+ 38. Kh3 Ne7 39. d6 Ng6 40. f3 Rxf3+ 41. Kh2 Nxh4 42. Rd3 Rg8 0-1

[Event "Late-Titled-Tuesday-Blitz-September-19-2023"]
[Site "Chess.com"]
[Date "2023.09.19"]
[Round "5"]
[White "Bala-Afiada"]
[Black "expii"]
[Result "0-1"]
[WhiteElo "1955"]
[BlackElo "2272"]
[TimeControl "180+1"]
[EndTime "14:53:48 PDT"]
[Termination "expii won by resignation"]

1. d4 Nf6 2. c4 d6 3. Nc3 g6 4. e4 Bg7 5. Nf3 O-O 6. Be2 Bg4 7. Be3 Nc6 8. Ng1 Bxe2 9. Ngxe2 e5 10. d5 Ne7 11. b4 Nd7 12. c5 f5 13. f3 f4 14.
Bf2 Nf6 15. cxd6 cxd6 16. Nb5 Qd7 17. Qd3 a6 18. Nbc3 b5 19. O-O Rac8 20. Rfc1 Rc4 21.
a4 Rfc8 22. axb5 axb5 23. Ra7 R8c7 24. Rca1 Ne8 25. Rxc7 Nxc7 26. Ra7 Rxb4 27. Bb6 Rc4 28. Nxb5 Qxb5 29. Rxc7 Qxb6+ 30. Kf1 Qxc7 0-1

[Event "Late-Titled-Tuesday-Blitz-September-19-2023"]
[Site "Chess.com"]
[Date "2023.09.19"]
[Round "5"]
[White "sebastianmarinp"]
[Black "Nf3c5"]
[Result "0-1"]
[WhiteElo "2406"]
[BlackElo "2544"]
[TimeControl "180+1"]
[EndTime "14:53:51 PDT"]
[Termination "Nf3c5 won on time"]

1. d4 Nf6 2. c4 g6 3. Nc3 Bg7 4. e4 d6 5. g3 O-O 6. Bg2 Nbd7 7. Nge2 e5 8. O-O c6 9. h3 a6 10. Be3 b5 11. c5 dxc5 12. dxc5 Qe7 13. b4 a5 14. a3 Re8 15. Qd6 Qxd6 16. cxd6 Nf8 17.
Bb6 a4 18. Rac1 Be6 19. Rfd1 N6d7 20. Be3 Bb3 21. Rd2 Ne6 22. f4 Rac8 23. f5 Nd8 24.
Nb1 Nb7 25. g4 f6 26. Ng3 Bf8 27. Bc5 Red8 28. Bf1 Bf7 29. Rdc2 Bh6 30. Rd1 Nbxc5 0-1

[Event "Late-Titled-Tuesday-Blitz-September-19-2023"]
[Site "Chess.com"]
[Date "2023.09.19"]
[Round "5"]
[White "Dr_crypt"]
[Black "Danishcrown"]
[Result "1-0"]
[WhiteElo "2431"]
[BlackElo "2115"]
[TimeControl "180+1"]
[EndTime "14:53:51 PDT"]
[Termination "Dr_crypt won on time"]

1. d4 Nf6 2. c4 e6 3. Nf3 d5 4. g3 Bb4+ 5. Bd2 Be7 6. Bg2 O-O 7. O-O dxc4 8. Qa4 c5 9. Qxc4 a6 10.
dxc5 Nc6 11. b4 Nd5 12. a3 Bf6 13. Ra2 Bd7 14. Nc3 b5 15. Qb3 Nce7 16. e4 Nxc3 17. Bxc3 Bxc3 18. Qxc3 Bc6 19. Ne5 Qc7 20. Rd2 a5 21. Rfd1 axb4 22. axb4 Ra4 23. Rd7 Bxd7 24. Rxd7 Qb8 25. Rxe7 Qa8 26. h4 Ra1+ 27. Kh2 Ra2 28.
Qf3 f6 29. Nd7 Qd8 30. Nxf8 Qxe7 31. Qb3 Ra8 32. Nxe6 Rf8 33. Nxf8+ Kxf8 34. c6 Qc7 35. Qc3 Ke7 36. Qc5+ Kd8 37. Qxb5 1-0

[Event "Late-Titled-Tuesday-Blitz-September-19-2023"]
[Site "Chess.com"]
[Date "2023.09.19"]
[Round "5"]
[White "Inepton_Fermion"]
[Black "NotFischer"]
[Result "1-0"]
[WhiteElo "2375"]
[BlackElo "2252"]
[TimeControl "180+1"]
[EndTime "14:53:52 PDT"]
[Termination "Inepton_Fermion won by resignation"]

1. Nf3 Nf6 2. b3 g6 3. Bb2 Bg7 4. g3 d6 5. d4 O-O 6. Bg2 c5 7.
O-O cxd4 8. Nxd4 a6 9. c4 Qb6 10. Nc3 Nc6 11. Nxc6 bxc6 12. e4 Bg4 13. Qc2 Nd7 14. h3 Be6 15. Na4 Qa7 16. Bxg7 Kxg7 17. Rac1 Rac8 18. c5 d5 19. Rfd1 dxe4 20. Qxe4 Nf6 21.
Qe5 Qc7 22. Qe2 Bd5 23. Nb6 Bxg2 24. Kxg2 Rcd8 25. Qxa6 Rxd1 26. Rxd1 Qe5 27. Qc4 Ne4 28. Nd7 Qf5 29. Qd4+ f6 30. Nxf8 Kxf8 31. Re1 Nxc5 32.
Qd8+ Kg7 33. Qxe7+ Kh6 34. Qf8+ Kg5 35. f4+ 1-0

[Event "Late-Titled-Tuesday-Blitz-September-19-2023"]
[Site "Chess.com"]
[Date "2023.09.19"]
[Round "5"]
[White "MFatigue"]
[Black "oskariot"]
[Result "0-1"]
[WhiteElo "2563"]
[BlackElo "2730"]
[TimeControl "180+1"]
[EndTime "14:53:54 PDT"]
[Termination "oskariot won by resignation"]

1. e4 c5 2. a3 Na6 3. b4 cxb4 4. axb4 Nc7 5. Nf3 d5 6. exd5 Nxd5 7. b5 Ngf6 8. c4 Nb6 9. d4 g6 10. Bb2 Bg7 11. Be2 O-O 12. O-O Bg4 13. h3 Bxf3 14. Bxf3 Nxc4 15. Bc3 Nd5 16. Qb3 Ncb6 17. Bb2 e6 18.
Nc3 Nxc3 19. Bxc3 Nd5 20. Bb2 Qd7 21. Rfc1 Rfd8 22. Rc5 Ne7 23. Rac1 Rac8 24. Qb4 Nf5 25. b6 axb6 26. Qxb6 Bxd4 27. Bxd4 Qxd4 28. Bxb7 Rxc5 29. Qxc5 Qf4 30. Ba6 h5 31. Bf1 Rd2 32. Rc4 Nd4 33. Qc8+ Kg7 34. f3 Nxf3+ 0-1

[Event "Late-Titled-Tuesday-Blitz-September-19-2023"]
[Site "Chess.com"]
[Date "2023.09.19"]
[Round "5"]
[White "dawid498"]
[Black "Parhamov"]
[Result "1-0"]
[WhiteElo "2663"]
[BlackElo "3018"]
[TimeControl "180+1"]
[EndTime "14:53:56 PDT"]
[Termination "dawid498 won by checkmate"]

1. e4 c5 2. Nf3 d6 3. Nc3 a6 4. d4 cxd4 5. Nxd4 Nf6 6. Bc4 e6 7. Bb3 Nbd7 8. O-O Nc5 9. Qe2 Be7 10. f4 Qc7 11. Kh1 O-O 12. e5 Nfd7 13. exd6 Qxd6 14. Be3 Nf6 15. Rad1 Qc7 16. Nf3 b5 17. Bd4 Bb7 18. Be5 Qa5 19. a3 Nxb3 20. cxb3 Rad8 21. b4 Qb6 22. Nd4 Nd7 23. Nb3 Nxe5 24. fxe5 Qc7 25. Rxd8 Rxd8 26. Qf2 f5 27. exf6 Bxf6 28. Nc5 Bc8 29.
N3e4 Rf8 30. Nxf6+ Rxf6 31. Qe1 Qe5 32. h3 Qxb2 33. Rxf6 Qxf6 34. Qe4 Qd8 35. Qc6 e5 36. Kh2 Kf7 37. Qf3+ Ke7 38. Qg3 Kf6 39. Qh4+ g5 40. Qh6+ Kf5 41. Qxh7+ Kf4 42. Qe4# 1-0

[Event "Late-Titled-Tuesday-Blitz-September-19-2023"]
[Site "Chess.com"]
[Date "2023.09.19"]
[Round "5"]
[White "Gogolev_Artemy"]
[Black "Dubs123"]
[Result "0-1"]
[WhiteElo "2391"]
[BlackElo "2315"]
[TimeControl "180+1"]
[EndTime "14:53:56 PDT"]
[Termination "Dubs123 won by resignation"]

1. d4 Nf6 2. c4 e6 3. Nc3 Bb4 4. e3 O-O 5. Bd3 b6 6. Ne2 Bb7 7. f3 d5 8. cxd5 exd5 9. O-O c5 10. a3 Ba5 11. Bd2 Nbd7 12. Be1 Re8 13. Bf2 Rc8 14. Rc1 Qe7 15. Bb1 cxd4 16. Nxd4 Bxc3 17. bxc3 Qxa3 18.
Nb5 Qc5 19. c4 a6 20. e4 Qf8 21. Nd4 dxe4 22. fxe4 Bxe4 23. Nf5 Bxf5 24. Bxf5 Rcd8 25. Qf3 Nc5 26. Bh4 Rd6 27. Qg3 Nfe4 28. Qf3 Nd2 29.
Qg3 Nxf1 30. Rxf1 g6 31. Bb1 Rde6 32. Bf6 Qd6 33. Bb2 Qxg3 34. hxg3 0-1

[Event "Late-Titled-Tuesday-Blitz-September-19-2023"]
[Site "Chess.com"]
[Date "2023.09.19"]
[Round "5"]
[White "Angry_Twin"]
[Black "Hikaru"]
[Result "0-1"]
[WhiteElo "2950"]
[BlackElo "3251"]
[TimeControl "180+1"]
[EndTime "14:53:57 PDT"]
[Termination "Hikaru won by resignation"]

1. e4 a6 2. d4 e6 3. Bd3 b5 4. Nf3 c5 5. c3 Bb7 6. O-O d6 7.
Qe2 Nd7 8. Nbd2 Ngf6 9. e5 Nd5 10. Ne4 cxd4 11. cxd4 dxe5 12. dxe5 h6 13. a4 b4 14. Bd2 Be7 15. Rfc1 O-O 16. h3 Qb8 17. Ng3 Rc8 18. b3 Nc3 19. Bxc3 Bxf3 20. Qxf3 bxc3 21. Bc4 Nxe5 22.
Qxc3 Nxc4 23. bxc4 Bf6 24. Qd3 Bxa1 25. Rxa1 Qb4 26. Rc1 Qxa4 27. c5 Rd8 28. Qf3 Rac8 29. Ne4 Rd4 30. Re1 Qc6 31. Qe3 Rxe4 32. Qxe4 Qxe4 33.
Rxe4 Rxc5 34. Ra4 a5 35. Kf1 g5 36. Ke2 Kf8 37. Ke3 Ke7 38. Kd4 Kd6 39. h4 f5 40.
hxg5 hxg5 41. g4 Re5 42. Kd3 Re4 43. Rxa5 Rxg4 44. Ke3 Ke7 45. f3 Rb4 46. Rc5 g4 47. fxg4 Rxg4 48. Kf3 Kf6 49. Rc6 Ra4 50. Rb6 Rd4 51.
Ra6 Ke5 52. Ra5+ Rd5 53. Ra3 Rd6 54. Ra5+ Kf6 55. Kf4 e5+ 56. Ke3 Rb6 57. Ra3 f4+ 58. Ke4 Rb4+ 59. Kf3 Kf5 60. Ra5 Rb3+ 61. Kf2 Rd3 62. Ke2 Re3+ 63. Kf2 Kg4 64. Ra8 Rb3 65. Rg8+ Kf5 66. Ra8 Rb2+ 67. Ke1 e4 68. Kf1 Kg4 69.
Ra3 e3 0-1

[Event "Late-Titled-Tuesday-Blitz-September-19-2023"]
[Site "Chess.com"]
[Date "2023.09.19"]
[Round "5"]
[White "IgorBjelobrk"]
[Black "dianosky"]
[Result "0-1"]
[WhiteElo "2686"]
[BlackElo "2534"]
[TimeControl "180+1"]
[EndTime "14:53:57 PDT"]
[Termination "dianosky won by resignation"]

1. d4 d5 2. c4 dxc4 3. Nf3 a6 4. g3 b5 5. Bg2 Bb7 6. O-O Nd7 7. b3 cxb3 8. Qxb3 e6 9. Rd1 Ngf6 10. Nc3 c5 11. dxc5 Bxc5 12. Bg5 Qb6 13. e3 O-O 14. a4 Bc6 15. axb5 axb5 16. Rab1 b4 17. Bxf6 Nxf6 18. Nd4 Bxg2 19. Kxg2 Rfd8 20. Na4 Qb7+ 21. Kg1 Bxd4 22.
exd4 Nd5 23. Nc5 Qc6 24. Rbc1 Ra3 25. Qb2 Rc3 26. Ne4 Rxc1 27. Rxc1 Qb5 28. Nc5 Rc8 29. Ra1 h6 30. h4 e5 31. Qb3 exd4 32. Qxd5 Qxc5 33.
Qf3 Qc3 34. Qd1 b3 35. Rb1 b2 36. Kg2 d3 37. Qa4 d2 38. Qd7 Qc6+ 39. Qxc6 Rxc6 40. Kf3 Rc1 0-1

[Event "Late-Titled-Tuesday-Blitz-September-19-2023"]
[Site "Chess.com"]
[Date "2023.09.19"]
[Round "5"]
[White "Korchmar_Vasiliy"]
[Black "KamlaPasand"]
[Result "0-1"]
[WhiteElo "2714"]
[BlackElo "2460"]
[TimeControl "180+1"]
[EndTime "14:53:59 PDT"]
[Termination "KamlaPasand won by resignation"]

1. e4 e5 2. Nf3 Nc6 3. Bc4 Bc5 4. c3 Nf6 5. d3 O-O 6. Bg5 h6 7. Bh4 g5 8. Bg3 d6 9. Nbd2 a6 10. a4 Ba7 11. O-O Ne7 12. d4 exd4 13. Nxd4 Ng6 14.
Nf5 Kh7 15. h4 d5 16. hxg5 hxg5 17. Bxd5 Nxd5 18. Qh5+ Kg8 19. Nh6+ Kg7 20. exd5 Rh8 21. Nxf7 Kxf7 22. Qf3+ Kg7 23. Rfe1 g4 24. Qd3 Qg5 25. Qc4 Bd7 26. Qxc7 Rad8 27. Nf1 Qh5 28. Nh2 Bb8 29. d6 Bxc7 30. dxc7 Rc8 31. Rad1 Bc6 32. b4 Rhe8 33. c4 Rxe1+ 34. Rxe1 Nh4 35. b5 axb5 36. axb5 Nf5 37. Be5+ Kf7 38. bxc6 bxc6 39. Nf1 Qh6 40. Ng3 Nxg3 41.
Bxg3 Qf6 42. Rd1 Qe7 43. Rd4 Qe1+ 44. Kh2 Rh8+ 45. Bh4 Rxh4+ 46. Kg3 Rh8 47. Rd7+ Ke6 48. Rd8 Qe5+ 49. Kxg4 Qxc7 50. Rxh8 Qg7+ 0-1

[Event "Late-Titled-Tuesday-Blitz-September-19-2023"]
[Site "Chess.com"]
[Date "2023.09.19"]
[Round "5"]
[White "protectiago"]
[Black "Quattroporte300"]
[Result "0-1"]
[WhiteElo "2083"]
[BlackElo "2392"]
[TimeControl "180+1"]
[EndTime "14:54:00 PDT"]
[Termination "Quattroporte300 won on time"]

1. d4 d5 2. c4 dxc4 3. Nf3 Nf6 4. g3 c5 5. Bg2 Nc6 6. O-O cxd4 7. Qa4 Be6 8. Nxd4 Qxd4 9. Bxc6+ Bd7 10. Bxd7+ Qxd7 11. Qxc4 Rc8 12. Qb3 e5 13. Nc3 Bc5 14.
Rd1 Qf5 15. Qb5+ Rc6 16. e3 O-O 17. Qxb7 Rfc8 18. Nd5 Ng4 19. Rf1 h5 20. b4 Bf8 21.
Bd2 Rc2 22. Be1 h4 23. Rd1 hxg3 24. fxg3 Qg6 25. Ne7+ Bxe7 26. Qxe7 Rxh2 27. Rd8+ Rxd8 28.
Qxd8+ Kh7 29. Qd7 Nxe3 30. Rxf7 Rg2+ 0-1

[Event "Late-Titled-Tuesday-Blitz-September-19-2023"]
[Site "Chess.com"]
[Date "2023.09.19"]
[Round "5"]
[White "TigrVShlyape"]
[Black "jefferyx"]
[Result "1-0"]
[WhiteElo "2978"]
[BlackElo "2994"]
[TimeControl "180+1"]
[EndTime "14:54:01 PDT"]
[Termination "TigrVShlyape won by resignation"]

1. e4 c5 2. Nf3 e6 3. d4 cxd4 4.
Nxd4 Nc6 5. Nb5 d6 6. c4 Nf6 7. N1c3 a6 8. Nd4 Be7 9. Be2 O-O 10. O-O d5 11. exd5 exd5 12. Nxc6 bxc6 13. cxd5 Nxd5 14. Nxd5 cxd5 15. Be3 Bf6 16. Bd4 Bf5 17. Qd2 Re8 18.
Rfe1 a5 19. Bb5 Rxe1+ 20. Rxe1 Be7 21. a3 h6 22. h3 Be6 23. Qf4 Qb8 24. Qxb8+ Rxb8 25. Bd7 Bc5 26. Bxc5 Bxd7 27. Re7 Bb5 28. b4 axb4 29.
axb4 f6 30. f3 h5 31. h4 Ra8 32.
Ra7 Rxa7 33. Bxa7 Kf7 34. Kf2 Ke6 35. Ke3 Kf5 36. Bd4 g5 37. g3 Be8 38. Bc5 Bc6 39. Bb6 gxh4 40. gxh4 Bb5 41. Bc7 Bc6 42. Kd4 Bb5 43.
Kxd5 Be2 44. f4 Kg4 45. Ke6 f5 46. Ke5 Bd3 47. Bd8 Be2 48. Bg5 1-0

[Event "Late-Titled-Tuesday-Blitz-September-19-2023"]
[Site "Chess.com"]
[Date "2023.09.19"]
[Round "5"]
[White "IMSlavin"]
[Black "WelshTiger"]
[Result "1-0"]
[WhiteElo "2297"]
[BlackElo "2378"]
[TimeControl "180+1"]
[EndTime "14:54:01 PDT"]
[Termination "IMSlavin won on time"]

1. e4 c5 2. g3 g6 3. Bg2 Bg7 4.
Ne2 Nc6 5. O-O e6 6. Nbc3 Nge7 7. a3 a5 8. Nb5 d6 9. c4 O-O 10. d3 Nd4 11. Nexd4 cxd4 12. Bf4 e5 13. Bd2 f5 14. f4 fxe4 15. Bxe4 d5 16. cxd5 Bd7 17. Nd6 Bh3 18. Nc4 Bxf1 19. Qxf1 Nxd5 20. Qg2 Ne3 21. Nxe3 dxe3 22.
Bxe3 exf4 23. Bxf4 Bxb2 24. Qxb2 Rc8 25. Qb3+ Kg7 26.
Be5+ Kh6 27. Qe6 Qg5 28. Bf4 Rxf4 29. Qxc8 Rxe4 30. Qh3+ Kg7 31. dxe4 Qe3+ 32. Kh1 Qd4 33. Re1 Qc3 34. Qf1 Qxa3 35. e5 Qe7 36. e6 a4 37.
Qc4 1-0

[Event "Late-Titled-Tuesday-Blitz-September-19-2023"]
[Site "Chess.com"]
[Date "2023.09.19"]
[Round "5"]
[White "tomobeast"]
[Black "midedu"]
[Result "0-1"]
[WhiteElo "2233"]
[BlackElo "2041"]
[TimeControl "180+1"]
[EndTime "14:54:02 PDT"]
[Termination "midedu won on time"]

1. e4 c5 2. Nf3 Nc6 3. d4 cxd4 4.
Nxd4 Nf6 5. Nc3 Qb6 6. Nb3 e6 7. Qe2 a6 8. e5 Ng8 9. Bd2 d5 10. exd6 Bxd6 11. O-O-O Be7 12. g4 Nf6 13. Bg2 Qc7 14.
Rhe1 Qxh2 15. Bxc6+ bxc6 16. g5 Nd5 17. Qc4 Bd7 18.
Nc5 Qc7 19. N3e4 Bc8 20. Rh1 Rb8 21. Rh5 g6 22. Rh6 Bf8 23. Rh3 h5 24. gxh6 e5 25. Nc3 Bxh3 26. Nxd5 cxd5 27. Qxd5 Bxc5 28. Bc3 Be6 0-1

[Event "Late-Titled-Tuesday-Blitz-September-19-2023"]
[Site "Chess.com"]
[Date "2023.09.19"]
[Round "5"]
[White "dorpato"]
[Black "WilliamAlfaroCaracas"]
[Result "1-0"]
[WhiteElo "2012"]
[BlackElo "2256"]
[TimeControl "180+1"]
[EndTime "14:54:02 PDT"]
[Termination "dorpato won on time"]

1. e4 e5 2. Nf3 Nc6 3. d4 exd4 4. c3 Qe7 5. Bd3 d5 6. O-O dxe4 7. Bxe4 Bg4 8. Bxc6+ bxc6 9. Re1 Be6 10. Nxd4 Qd6 11. Nxe6 fxe6 12. Qxd6 Bxd6 13. Rxe6+ Kd7 14. Re1 Nf6 15. Bg5 Rhe8 16. Nd2 Ng4 17. Nf3 h6 18. Bh4 Rab8 19. b3 Ne5 20. Nd4 Nd3 21. Rxe8 Rxe8 22. Kf1 g5 23. Bg3 Bxg3 24. hxg3 Rf8 25. Nf3 Kc8 26. Rd1 Nc5 27. Rd4 Kb7 28. Rb4+ Kc8 29. Rc4 Nd3 30. Rd4 Nc5 31. Rc4 Nd3 32. Ke2 1-0

[Event "Late-Titled-Tuesday-Blitz-September-19-2023"]
[Site "Chess.com"]
[Date "2023.09.19"]
[Round "5"]
[White "alertakobra"]
[Black "SAInt_666"]
[Result "0-1"]
[WhiteElo "2386"]
[BlackElo "2667"]
[TimeControl "180+1"]
[EndTime "14:54:04 PDT"]
[Termination "SAInt_666 won on time"]

1. d4 Nf6 2. c4 e6 3. Nf3 d5 4.
g3 Bb4+ 5. Bd2 Be7 6. Bg2 O-O 7.
O-O Nbd7 8. Bc3 c6 9. a4 Ne4 10. Nfd2 f5 11. Nxe4 fxe4 12. e3 Nf6 13. Nd2 Bd7 14.
f3 exf3 15. Qxf3 Ne4 16. Qe2 Nxd2 17. Bxd2 Bf6 18. Bc3 Qb6 19. Ra3 Qa6 20. b3 Rae8 21. Bb4 Rf7 22. Raa1 Qb6 23. Qd2 e5 24. a5 Qc7 25.
cxd5 exd4 26. exd4 cxd5 27. Bxd5 Be6 28. Rae1 Qd7 29. Bxe6 Rxe6 30. Rxe6 Bxd4+ 31. Kg2 Qd5+ 32. Kh3 Qxe6+ 33. Kg2 Qe4+ 34. Kh3 Rxf1 0-1

[Event "Late-Titled-Tuesday-Blitz-September-19-2023"]
[Site "Chess.com"]
[Date "2023.09.19"]
[Round "5"]
[White "Jospem"]
[Black "AlexOstrovskiy"]
[Result "1-0"]
[WhiteElo "3058"]
[BlackElo "2651"]
[TimeControl "180+1"]
[EndTime "14:54:05 PDT"]
[Termination "Jospem won by resignation"]

1. e4 d5 2. exd5 Nf6 3. Nf3 Bg4 4. h3 Bxf3 5. Qxf3 Qxd5 6. Qxd5 Nxd5 7. c3 e5 8. d3 Nc6 9. Nd2 O-O-O 10. Nf3 f5 11.
Be2 Be7 12. O-O Rhe8 13. Re1 Bf6 14. Bf1 h6 15. Bd2 e4 16. dxe4 fxe4 17. Nh2 Ndb4 18. Re2 Nd3 19. Rb1 Nce5 20. b3 Ng6 21. Ng4 Ndf4 22.
Bxf4 Nxf4 23. Rc2 Be7 24. b4 h5 25. Ne3 Bf6 26. Bc4 Nd3 27. Rd1 c6 28. a3 Ne5 29.
Re1 Nxc4 30. Nxc4 Rd3 31. Re3 Kc7 32. Kf1 b5 33. Nd2 Rxe3 34. fxe3 a6 35. Ke2 Re7 36. c4 Kd6 37. Rc1 Kd7 38. Rd1 Kc7 39. Rc1 Re6 40. Nb3 Re7 41. Nc5 Be5 42. Nxa6+ Kb6 43. Nc5 bxc4 44.
Rxc4 Ra7 45. a4 Bg3 46. Nxe4 Be5 47. a5+ Kb5 48. Rc5+ Kxb4 49. Rxe5 1-0

[Event "Late-Titled-Tuesday-Blitz-September-19-2023"]
[Site "Chess.com"]
[Date "2023.09.19"]
[Round "5"]
[White "GMBenjaminBok"]
[Black "Rodalquilar"]
[Result "1-0"]
[WhiteElo "2963"]
[BlackElo "2752"]
[TimeControl "180+1"]
[EndTime "14:54:06 PDT"]
[Termination "GMBenjaminBok won by checkmate"]

1. d4 d5 2. c4 e6 3. Nc3 h6 4. Nf3 Nf6 5. Bf4 Bd6 6. Bxd6 Qxd6 7. e3 O-O 8. Rc1 b6 9. cxd5 Nxd5 10.
Nxd5 Qxd5 11. Bc4 Qa5+ 12. Qd2 Qxd2+ 13. Kxd2 Bb7 14. Ke2 Rc8 15. Rc2 Nd7 16. Rhc1 Be4 17.
Rc3 a6 18. Bd3 Bb7 19. Rxc7 Bxf3+ 20. Kxf3 Rd8 21. Rb7 e5 22. Rcc7 Nf8 23. Rxf7 Ne6 24. Rfe7 Ng5+ 25. Kg3 exd4 26. h4 dxe3 27. Bc4+ Kh8 28.
hxg5 Rd4 29. Bb3 exf2 30. Kxf2 Rf8+ 31. Ke3 Rg4 32. gxh6 Rg3+ 33. Ke4 Rg4+ 34. Ke5 Rg5+ 35. Kd6 Rf6+ 36. Kc7 gxh6 37. Rb8+ Rg8 38. Rxg8# 1-0

[Event "Late-Titled-Tuesday-Blitz-September-19-2023"]
[Site "Chess.com"]
[Date "2023.09.19"]
[Round "5"]
[White "TanitoluwaAps116"]
[Black "slorovel"]
[Result "0-1"]
[WhiteElo "2656"]
[BlackElo "2514"]
[TimeControl "180+1"]
[EndTime "14:54:09 PDT"]
[Termination "slorovel won on time"]

1. e4 c6 2. d4 d5 3. exd5 cxd5 4. Bd3 Nc6 5. c3 Qc7 6. Ne2 Bg4 7. O-O e6 8. Qe1 Bd6 9. f3 Bh5 10. Qh4 Nf6 11. Bg5 Bg6 12. Bxg6 fxg6 13. Bxf6 gxf6 14. Qxf6 Bxh2+ 15. Kf2 Kd7 16. g3 h5 17. Nf4 Rae8 18.
Kg2 Bxg3 19. Kxg3 g5 20. Nd2 Ref8 21. Qxe6+ Kd8 22. Qxd5+ Kc8 23. Ne4 Qxf4+ 24. Kg2 g4 25. Qe6+ Kb8 26. Qd6+ Qxd6 27. Nxd6 Rhg8 28. fxg4 Rxg4+ 29.
Kh3 Rfg8 30. Rf3 Ne7 31. Raf1 Nd5 32. Nb5 b6 33. c4 a6 34. Rf8+ Rxf8 35. Rf3 Rxf3+ 36. Kh2 Re4 37. cxd5 Re2+ 0-1

[Event "Late-Titled-Tuesday-Blitz-September-19-2023"]
[Site "Chess.com"]
[Date "2023.09.19"]
[Round "5"]
[White "lefonghua"]
[Black "Byniolus"]
[Result "1/2-1/2"]
[WhiteElo "2670"]
[BlackElo "2787"]
[TimeControl "180+1"]
[EndTime "14:54:10 PDT"]
[Termination "Game drawn by repetition"]

1. d4 d6 2. e4 Nf6 3. f3 Nbd7 4. c4 e5 5. Ne2 Be7 6. Nbc3 O-O 7. Be3 c6 8. Qd2 d5 9. cxd5 cxd5 10. exd5 exd4 11.
Nxd4 Nb6 12. O-O-O Nfxd5 13. Nc2 Be6 14. Be2 Nxe3 15. Qxe3 Qc7 16. Kb1 Rac8 17. Nd4 Bf6 18. Nxe6 fxe6 19. Rc1 Qe7 20. Ne4 Be5 21. Qb3 Kh8 22.
g3 Bd4 23. Rxc8 Rxc8 24. Rc1 Rxc1+ 25. Kxc1 e5 26. a3 h6 27. Qc2 Qd7 28. Kb1 Qc6 29.
Qxc6 bxc6 30. Kc2 Kg8 31. b3 Kf7 32. Bc4+ Ke7 33. Kd3 Nd7 34. b4 Nb6 35. Bb3 g5 36. g4 Nc8 37. Ng3 Nd6 38. Nf5+ Nxf5 39. gxf5 Kf6 40.
Ke4 h5 41. h3 Bb2 42. a4 Ba3 43.
b5 cxb5 44. axb5 Bc5 45. Bd5 Bb6 46. Bc6 h4 47. Bd7 Bc5 48. Be6 Bb6 49. Bd7 Ba5 50. Be6 Bb6 51. Bd7 1/2-1/2

[Event "Late-Titled-Tuesday-Blitz-September-19-2023"]
[Site "Chess.com"]
[Date "2023.09.19"]
[Round "5"]
[White "AyMitecK"]
[Black "TheMagician"]
[Result "1-0"]
[WhiteElo "2514"]
[BlackElo "2244"]
[TimeControl "180+1"]
[EndTime "14:54:10 PDT"]
[Termination "AyMitecK won on time"]

1. e4 c5 2. Nf3 d6 3. Bb5+ Bd7 4. Bxd7+ Qxd7 5. O-O e6 6. Re1 Nf6 7. c3 d5 8. d4 dxe4 9. Ne5 Qc7 10. Bg5 Be7 11. Qa4+ Nbd7 12. Bxf6 gxf6 13. Nxd7 Qxd7 14. Qxd7+ Kxd7 15. Rxe4 Rad8 16. dxc5 Bxc5 17. Nd2 Ke7 18. Nf3 Rd3 19. Kf1 Rd7 20. a4 h5 21. Rc4 Bd6 22. a5 a6 23. Ke2 Rg8 24. g3 Rg4 25. Nd4 Be5 26. f3 Rg8 27. Nb3 f5 28. Re1 h4 29.
f4 Bd6 30. Kf3 hxg3 31. hxg3 Rh8 32. Nd4 Kf6 33. Kg2 Bc7 34. b4 Bb8 35. Nf3 Rd3 36. Re2 Rd1 37. Re1 Rd3 38. Re2 Rd1 39. Rd4 Rxd4 40.
Nxd4 Rg8 41. Kf3 Rh8 42. Rd2 Ba7 43. Nb3 Ke7 44. Kg2 f6 45. Nd4 Rc8 46. Re2 Bxd4 47. cxd4 Kd6 48. Kf3 Kd5 49. Rb2 Rc3+ 50. Kf2 Kxd4 51.
b5 Rc5 52. bxa6 bxa6 53. Rb6 Kd5 54. Rxa6 Rc2+ 55. Kf3 Rc3+ 56. Kg2 Rc2+ 57. Kh3 Rc1 58. Ra8 Rh1+ 59. Kg2 Ra1 60. Rd8+ Ke4 61. Rd6 1-0

[Event "Late-Titled-Tuesday-Blitz-September-19-2023"]
[Site "Chess.com"]
[Date "2023.09.19"]
[Round "5"]
[White "Mariia89"]
[Black "Nekoo04"]
[Result "0-1"]
[WhiteElo "2038"]
[BlackElo "2337"]
[TimeControl "180+1"]
[EndTime "14:54:10 PDT"]
[Termination "Nekoo04 won by checkmate"]

1. d4 d5 2. c4 e6 3. Nc3 Nf6 4. Nf3 c6 5. Bg5 Nbd7 6. e3 Be7 7. Bd3 dxc4 8. Bxc4 b5 9. Bd3 a6 10. e4 c5 11. e5 cxd4 12. Ne4 Nxe4 13. Bxe4 Rb8 14. Bxe7 Qxe7 15. Qxd4 O-O 16. O-O Bb7 17. Bxb7 Rxb7 18. Rac1 Nb6 19. Rc6 Rd8 20. Qe4 a5 21. h4 h6 22. Rfc1 Nd5 23. a3 b4 24.
g4 bxa3 25. bxa3 Qxa3 26. g5 Rb4 27. Qc2 Qxf3 28. Rc8 Rg4+ 29. Kf1 Ne3+ 30. Ke1 Nxc2+ 31. R1xc2 Re4+ 32. Kf1 Qh1# 0-1

[Event "Late-Titled-Tuesday-Blitz-September-19-2023"]
[Site "Chess.com"]
[Date "2023.09.19"]
[Round "5"]
[White "Mikhail_Golubev"]
[Black "IlanSchnaider"]
[Result "0-1"]
[WhiteElo "2568"]
[BlackElo "2759"]
[TimeControl "180+1"]
[EndTime "14:54:11 PDT"]
[Termination "IlanSchnaider won on time"]

1. e4 c5 2. Nf3 d6 3. d4 cxd4 4. Nxd4 Nf6 5. Nc3 a6 6. Bc4 e6 7.
Bb3 b5 8. O-O Bb7 9. Re1 Nbd7 10. a4 b4 11. Nd5 Nc5 12. Bg5 Be7 13. Nxe7 Qxe7 14. Nf5 exf5 15. exf5 Nce4 16. Bxf6 Qxf6 17.
f3 Qxf5 18. fxe4 Qc5+ 19. Kh1 O-O 20. Qd3 a5 21. Rad1 Rad8 22. e5 Qf2 23. Qf1 Qc5 24.
Qd3 d5 25. Qd4 Qc6 26. Kg1 Rfe8 27. Re3 Re7 28. Rg3 g6 29. Rf3 Qe6 30. Re1 Rde8 31. Ree3 h5 32. Rf6 Qg4 33. Qxg4 hxg4 34. Rf4 f5 35. Rd4 Rxe5 36. Rxe5 Rxe5 37. g3 Kg7 38. Kf2 Kf6 0-1